Cogmind - Beta 17 @@@ ROGUE MODE // 2026.07.03 @ 01:25:23 Player: Ammie Result: Destroyed by ZH-22O(R) with Subdweller Laser Performance ------------- Evolutions (0) 0 Regions Visited (2) 400 Robots Destroyed (20) 100 Value Destroyed (459) 459 Prototype IDs (0) 0 Alien Tech Used (0) 0 Bonus (0) 0 TOTAL SCORE: 959 Bonus ------- None Cogmind --------- Core Integrity 0/250 Matter 290/300 Energy 84/100 System Corruption 0% Temperature Cool (12) Movement Walking (260) Ox2 Location -10/Subcaves Parts ------- > --- POWER (1) -------- (None) > --- PROPULSION (2) --- Aluminum Leg Aluminum Leg > --- UTILITY (2) ------ Improved Heat Sink High-capacity Storage Unit > --- WEAPON (2) ------- Particle Gun > --- INVENTORY (20) --- Light Ion Engine Light Ion Engine Light Ion Engine Aluminum Leg Medium Storage Unit Medium Storage Unit Small Laser Light Assault Rifle Datajack Peak State ------------ > --- POWER ------------ Light Nuclear Core > --- PROPULSION ------- Aluminum Leg Aluminum Leg > --- UTILITY ---------- Improved Heat Sink High-capacity Storage Unit > --- WEAPON ----------- Particle Gun Beam Cannon > --- INVENTORY -------- Light Ion Engine Light Ion Engine Light Ion Engine Aluminum Leg Medium Storage Unit Medium Storage Unit Small Laser Light Assault Rifle Grenade Launcher Datajack [Rating: 13] Favorites ----------- Power Light Nuclear Core Engine Light Ion Engine Power Core Light Nuclear Core Propulsion Aluminum Leg Leg Aluminum Leg Utility Improved Heat Sink Device Improved Heat Sink Storage High-capacity Storage Unit Weapon Beam Cannon Energy Gun Particle Gun Energy Cannon Beam Cannon Ballistic Gun Light Assault Rifle Launcher Grenade Launcher Build | -11 -10 -10 ------- Run | Yrd Mat Sub Slots Evolved . | . . . Power . | . . . Propulsion . | . . . Utility . | . . . Weapon . | . . . Parts Attached 19 | 6 12 1 Power 4 | 1 3 . Engine 3 | 1 2 . Core 1 | . 1 . Reactor . | . . . Propulsion 4 | 2 2 . Treads . | . . . Leg 4 | 2 2 . Wheel . | . . . Hover . | . . . Flight . | . . . Utility 5 | 1 4 . Device 1 | . 1 . Storage 4 | 1 3 . Processor . | . . . Hackware . | . . . Protection . | . . . Artifact . | . . . Weapon 6 | 2 3 1 Energy Gun 2 | 1 1 . Energy Cannon 1 | . 1 . Ballistic Gun 1 | 1 . . Ballistic Cannon . | . . . Launcher 2 | . 1 1 Special Weapon . | . . . Impact Weapon . | . . . Slashing Weapon . | . . . Piercing Weapon . | . . . Special Melee Weapon . | . . . Unidentified Prototypes . | . . . Parts Lost 6 | . 3 3 Power 2 | . 1 1 Propulsion 1 | . 1 . Utility . | . . . Weapon 3 | . 1 2 Highest Loss Streak 3 | . 1 3 To Critical Strikes . | . . . Average Backups 8 | 1 8 10 Power 2 | . 2 3 Propulsion . | . . 1 Utility 1 | . 1 2 Weapon 2 | . 2 3 Tool/Special . | . . . Unused Backups 4 | . 1 3 Power 1 | . . 1 Propulsion . | . . . Utility . | . . . Weapon 2 | . 1 1 Tool/Special 1 | . . 1 Average Slot Usage (%) 96 | . 96 97 Engine 3 | . 4 . Core 9 | . 9 13 Leg 27 | . 27 28 Device 11 | . 11 14 Storage 14 | . 14 14 Energy Gun 11 | . 11 13 Energy Cannon 11 | . 11 13 Ballistic Gun 3 | . 3 . Peak Build Rating 13 | 6 13 13 Average Rating 10 | 5 11 12 On Entrance 6 | . 6 13 Avg Prop Armor Cover (%) . | . . . Naked Turns . | . . . Heaviest Build 52 | 11 52 52 Greatest Support 20 | 20 20 20 Greatest Overweight (x) 2 | 2 2 2 Average Overweight (x) 1 | . 1 2 Largest Inventory Capacity 20 | 8 20 20 Average Capacity 16 | 7 16 20 Most Carried 11 | 2 11 11 Average Carried 8 | 1 8 10 Final Capacity 20 | 8 20 20 Final Carried 10 | 2 10 9 Class Distribution -------------------- 68% | Scavenger-Mutant 31% | Mutant Dominant Class ---------------- Scavenger-Mutant | -10/Materials Scavenger-Mutant | -10/Subcaves Resources | -11 -10 -10 ----------- Run | Yrd Mat Sub Matter Collected 488 | 172 316 . Remotely . | . . . Salvage Created 558 | . 558 . Parts 37 | . 37 . Haulers Intercepted 2 | . 2 . Recyclers Shooed 1 | . 1 . Parts Field Recycled . | . . . Retrieved Matter . | . . . Parts Self-Destructed 5 | . . 5 Prevented . | . . . Parts Restored . | . . . Kills | -11 -10 -10 ------- Run | Yrd Mat Sub Combat Hostiles Destroyed 12 | . 12 . Guns 4 | . 4 . Cannons 4 | . 4 . AOE 4 | . 4 . Classes Destroyed 7 | . 7 . Worker 1 | . 1 . Builder 1 | . 1 . Hauler 2 | . 2 . Operator 1 | . 1 . Watcher 3 | . 3 . Swarmer 3 | . 3 . Grunt 9 | . 9 . Best Kill Streak 6 | . 6 . Combat Bots Only 4 | . 4 . Max Kills in Single Turn 2 | . 2 . Gunslinging . | . . . Exploded 2 | . 2 . Melee . | . . . Uniques/NPCs Destroyed . | . . . Combat | -11 -10 -10 -------- Run | Yrd Mat Sub Hostile Shots Fired 77 | . 63 14 Missed 19 | . 14 5 Hits 58 | . 49 9 Projectile 58 | . 49 9 AOE 5 | . . 5 Critical Strikes 1 | . 1 . Damage Taken 969 | . 572 397 Core 256 | . 118 138 Absorbed by Shields . | . . . Regen/Repaired (Parts) 35 | . 35 . Core Remaining (%) 100 | 100 . . Volleys Fired 48 | . 48 . Largest 2 | . 2 . Hottest 125 | . 125 . Shots Fired 88 | . 88 . Gun 55 | . 55 . Cannon 26 | . 26 . Launcher 7 | . 7 . Special . | . . . Kinetic 33 | . 33 . Thermal 32 | . 32 . Explosive 7 | . 7 . Electromagnetic 16 | . 16 . Robot Hit Streak 7 | . 7 . Robot Miss Streak 5 | . 5 . Penetration Max . | . . . Secondary Targets . | . . . Shots Hit Robots 38 | . 38 . Core Hits 37 | . 37 . Critical Kills . | . . . Critical Parts Destroyed . | . . . Critical Strikes . | . . . Melee Attacks . | . . . Impact . | . . . Slashing . | . . . Piercing . | . . . Sneak Attacks . | . . . Combat Hostiles . | . . . Follow-up Attacks . | . . . Damage Inflicted 1082 | . 1082 . Guns 338 | . 338 . Cannons 283 | . 283 . Explosions 461 | . 461 . Melee . | . . . Ramming . | . . . Kinetic 129 | . 129 . Thermal 352 | . 352 . Explosive 461 | . 461 . Electromagnetic 140 | . 140 . Impact . | . . . Slashing . | . . . Piercing . | . . . Highest Corruption . | . . . Average Corruption . | . . . Corruption Purged . | . . . Corruption Blocked . | . . . Overload Shots . | . . . Overflow Damage . | . . . Projectiles . | . . . Explosions . | . . . Melee . | . . . Knockbacks . | . . . Impact . | . . . Kinetic . | . . . Secondary . | . . . Self-Inflicted Damage . | . . . Shots . | . . . Rammed . | . . . Targets Rammed . | . . . Kicked . | . . . Crushed . | . . . Highest Temperature 171 | . 171 . Average Temperature 51 | . 51 . Received Heat Transfer 309 | . 279 30 Siege Activations . | . . . Martial Activations . | . . . Shielding Activations . | . . . Robots Disrupted . | . . . Combat Hostiles . | . . . Robots Corrupted . | . . . Combat Hostiles . | . . . Parts Fried . | . . . Impact Corruptions . | . . . Robots Melted . | . . . Combat Hostiles . | . . . Parts Melted 1 | . 1 . Heat Transferred 740 | . 740 . Parts Sabotaged . | . . . Parts Stolen . | . . . Parts Stripped . | . . . Power Chain Reactions . | . . . Alert | -11 -10 -10 ------- Run | Yrd Mat Sub Maximum Alert Level . | . . . Low Security (%) 100 | 100 100 . Level 1 . | . . . Level 2 . | . . . Level 3 . | . . . Level 4 . | . . . Level 5 . | . . . High Security . | . . . Max Security . | . . . Peak Influence 125 | . 125 . Initial . | . . . Average 21 | . 22 . Influence Increases 420 | . 420 . Destroy 0b10 Robot/C 240 | . 240 . Destroy 0b10 Robot/NC 40 | . 40 . Destroy Leader 60 | . 60 . Successful Hack 19 | . 19 . Disable Machine 15 | . 15 . Destroy Structure 31 | . 31 . Lose Combat Pursuer 15 | . 15 . Influence Decreases 420 | . 420 . Time Decay 390 | . 390 . Lost Part 30 | . 30 . Squads Dispatched 1 | . 1 . Investigation . | . . . Extermination . | . . . Reinforcement 1 | . 1 . Assault . | . . . Garrison . | . . . Intercept . | . . . Searches Triggered . | . . . Construction Impeded . | . . . Haulers Reinforced . | . . . Active Scanning Responses . | . . . Cargo Convoy Interrupts . | . . . Stealth | -11 -10 -10 --------- Run | Yrd Mat Sub Distress Signals 1 | . 1 . Communications Jammed . | . . . Distress Signals . | . . . Times Spotted 23 | . 20 3 Peak Tracking Total 5 | . 5 3 Tactical Retreats 1 | . 1 . Traps | -11 -10 -10 ------- Run | Yrd Mat Sub Traps Triggered . | . . . Indirectly . | . . . Trap Hack Attempts . | . . . Triggered . | . . . Disarmed . | . . . Reprogrammed . | . . . Reused . | . . . Traps Extracted . | . . . Installed . | . . . Triggered . | . . . Machines | -11 -10 -10 ---------- Run | Yrd Mat Sub Machines Disabled 1 | . 1 . Max in Single Turn 1 | . 1 . Machines Repaired . | . . . Machines Dismantled . | . . . Machines Sabotaged . | . . . Overloaded Fab Kills . | . . . Hacking | -11 -10 -10 --------- Run | Yrd Mat Sub Machines Accessed 8 | . 8 . Terminals 7 | . 7 . Fabricators . | . . . Repair Stations 1 | . 1 . Recycling Units . | . . . Scanalyzers . | . . . Garrison Access . | . . . Total Hacks 18 | . 18 . Successful 9 | . 9 . Failed 9 | . 9 . Catastrophic . | . . . Database Lockouts . | . . . Manual 12 | . 12 . Terminals 14 | . 14 . Fabricators . | . . . Repair Stations 4 | . 4 . Recycling Units . | . . . Scanalyzers . | . . . Garrison Access . | . . . Terminal Hacks 2 | . 2 . Locate Traps 1 | . 1 . Hauler Manifests 1 | . 1 . Fabricator Hacks . | . . . Repair Station Hacks 2 | . 2 . Scan Component 1 | . 1 . Repair 1 | . 1 . Recycling Unit Hacks . | . . . Scanalyzer . | . . . Garrison Access Hacks . | . . . Unauthorized Hacks 5 | . 5 . Terminals 5 | . 5 . Botnet 5 | . 5 . Fabricators . | . . . Repair Stations . | . . . Recycling Units . | . . . Scanalyzers . | . . . Garrison Access . | . . . Data Cores Recovered 1 | . 1 . Used . | . . . Hacking Detections 5 | . 5 . Full Trace Events . | . . . Feedback Events . | . . . Feedback Blocked . | . . . Robot Schematics Acquired . | . . . Robots Built . | . . . Authchips . | . . . Time . | . . . Total Robot Build Rating . | . . . Part Schematics Acquired . | . . . Parts Built . | . . . Authchips . | . . . Time . | . . . Total Part Build Rating . | . . . Part Studies Acquired . | . . . Parts Repaired 1 | . 1 . Time 19 | . 19 . Parts Recycled . | . . . Recycled Matter . | . . . Retrieved Matter . | . . . Retrieved Components . | . . . Parts Scanalyzed . | . . . Part Schematics Acquired . | . . . Parts Damaged . | . . . Bothacking | -11 -10 -10 ------------ Run | Yrd Mat Sub Used RIF Installer . | . . . Robots Hacked . | . . . Non-combat . | . . . Combat . | . . . Robot Hacks Applied . | . . . Relay Couplers Released . | . . . Fabnet Peak Effective % . | . . . Robots Rewired . | . . . Allies Hacked . | . . . Hacks Repelled . | . . . Allies | -11 -10 -10 -------- Run | Yrd Mat Sub Total Allies . | . . . Largest Group . | . . . Highest-Rated Group . | . . . Highest-Rated Ally . | . . . Total Orders . | . . . Ally Attacks . | . . . Total Damage . | . . . Kills . | . . . Allies Corrupted . | . . . Allies Melted . | . . . Intel | -11 -10 -10 ------- Run | Yrd Mat Sub Active Infowar (turns) . | . . . Robot Analysis Total . | . . . Derelict Logs Recovered . | . . . Drone Launches . | . . . Drone Recoveries . | . . . Exploration | -11 -10 -10 ------------- Run | Yrd Mat Sub Turns Passed 2510 | 114 2240 156 Spaces Moved 1170 | 81 1030 59 Core 8 | 8 . . Treads . | . . . Legs 1162 | 73 1030 59 Wheels . | . . . Hover . | . . . Flight . | . . . Fastest Speed 50 | 50 120 260 Average Speed 195 | 122 197 260 Slowest Speed 260 | 190 260 260 Overloaded Moves . | . . . Propulsion Burnouts . | . . . Robots Hopped . | . . . Potential Cave-ins . | . . . Cave-ins Triggered . | . . . Exploration Rate (%) 36 | 5 98 7 Regions Visited 2 Branch Regions 1 Pre-discovered Areas . | . . . Known Exits Taken . | . . . Unknown Exits Taken 2 | 1 1 . Scrap Searched . | . . . Spaces Dug . | . . . Terrain Destroyed 38 | . 38 . Melee . | . . . Projectile . | . . . AOE 38 | . 38 . Terrain Rammed . | . . . Walls Destroyed . | . . . Machines Disabled . | . . . Actions | -11 -10 -10 --------- Run | Yrd Mat Sub Total 1301 | 92 1147 62 Wait 51 | 4 47 . Move 1168 | 80 1029 59 Hop . | . . . Pick Up 8 | 2 6 . Fast Attach 11 | 6 5 . Attach 3 | . 1 2 Detach 1 | . . 1 Swap 8 | . 8 . Drop 3 | . 3 . Fire 48 | . 48 . Melee . | . . . Ram . | . . . Kick . | . . . Crush . | . . . Escape Stasis . | . . . Rewire . | . . . Trap . | . . . Miscellaneous . | . . . Route ------- -11/Scrapyard -10/Materials (discovered 5 exits: [*Mat x3] / [*Min] / [*Sub]) -10/Subcaves History --------- Turn | Location | Event 8 | -11/Scrapyard | Discovered new exit (range 16) 115 | -11/Scrapyard | Entered Materials 116 | -10/Materials | Met a group of wandering Federalists 181 | -10/Materials | Discovered new exit (range 3) 300 | -10/Materials | Build established: Mutant 612 | -10/Materials | Discovered new exit (range 7) 1047 | -10/Materials | Discovered new exit (range 16) 1113 | -10/Materials | Build established: Scavenger-Mutant 1432 | -10/Materials | Repaired Imp. Heat Sink 1623 | -10/Materials | Discovered new exit (range 6) 1752 | -10/Materials | Discovered new exit (range 5) 2355 | -10/Materials | Entered Subcaves 2356 | -10/Subcaves | Continued accompanying wandering Federalists (6) 2497 | -10/Subcaves | Ambushed by Subdwellers from Twisted Machinery 2499 | -10/Subcaves | Core integrity fell below 50% 2507 | -10/Subcaves | Core integrity fell below 20% 2508 | -10/Subcaves | Ambushed by Subdweller buried in earth 2511 | -10/Subcaves | Destroyed by ZH-22O(R) with Subdweller Laser Last Messages --------------- >>Trojan(Botnet) Trojan loaded successfully. Testing... Terminal linked with 4 systems. Awaiting botnet instructions. 02185_ K-01 Serf collects debris. 02259_ K-01 Serf cleans the Fusion Modulator. LOCATION=UNKNOWN AMBIENT_HEAT=-10 GOAL=ESCAPE 02376_ EZ-LPF(g): "Damn I thought there was a shortcut around here somewhere, does anyone remember where it is?" 02466_ A derelict emerges from the shadows: "Hey wait up! Finally some friendlies. We were scared out of our wits watching Subs pass by here several times." 02497_ 9N-832(R) emerges from the Twisted Machinery. 02502_ Grenade Launcher destroyed. 02504_ Lgt. Nuclear Core destroyed. 02508_ Beam Cannon destroyed. 02509_ ZH-22O(R): "SLEEPOVER!" Map ----- +----------------------------------------------------+ | ??????????????????#####??# #??? #??????????????? | | ?????????????????## #??# #### ##?????????????? | | ????????????????## #???# ## #?????????????? | | ????????????##### #?????# #?????????????? | | ????????????# ##?????# #?????????????? | | ???????# ??## ##????## #?????????????? | | ??????## ## ## ##?### #?????????????? | | ?????## ## ### # ##?????????????? | | ?????# ## ## #??????????????? | | ?????## ### ### #??????????????? | | ??????# #### #?# #### ##?????????????? | | ??????# ????# ##?# #?# #?????????????? | | ??????#????? % ??# #?# ##?????????????? | | ??????????? #??# ### %##?????????????? | | ??????????# # #??# #?### ##????????????? | | ??????????######??# #??# #????????????? | | ??????????????????####### ##??# #????????????? | | ???????????????????????# ##???# ##????????????? | | ???????????????????????? ##??## #?????????????? | | ???????????????????????## #?## ##?????????????? | | ????????????????????#### ##; #??????????????? | | ????????????????????# ; #??????????????? | | ????????????????????# #??????????????? | | ????????????????????# R ;#??????????????? | | ????????????????????##; ;#???????????????? | | ????????????????????#; @ ;#???????????????? | | ????????????????????# ;#???????????????? | | ???????????????????# ;#???????????????? | | ????????????????? ; ;#???????????????? | | ????????????????# ; #???????????????? | | ???????????????# ## ### #???????????????? | | ??????????????????###??# ##???????????????? | | ???????????????????????# #????????????????? | | ???????????????????????# #????????????????? | | ???????????????????????#""" #????????????????? | | ???????????????????????##"" #????????????????? | | ????????????????????????##" ????????????????? | | ?????????????????????????#" % ???????????????? | | ??????????????????????????## RR ???????????????? | | ????????????????????????????#" ??????????????? | | ?????????????????????????????" ##?????????????? | | ?????????????????????????????? ##??????????????? | | ??????????????????????????????? ?????????????????? | | ?????????????????????????????????????????????????? | | ?????????????????????????????????????????????????? | | ?????????????????????????????????????????????????? | | ?????????????????????????????????????????????????? | | ?????????????????????????????????????????????????? | | ?????????????????????????????????????????????????? | | ?????????????????????????????????????????????????? | +----------------------------------------------------+ Best States ------------- Heat Dissipation 39 Energy Generation 14 Energy Capacity 250 Matter Stores 300 Matter Capacity 300 Sight Range 16 Terrain Scan Density 10 Evasion (%) 55 Item Schematics ----------------- None Robot Schematics ------------------ None Fabricated ------------ Nothing Repaired ---------- Imp. Heat Sink | 12% | -10/Materials Studied --------- None Alien Tech Used ----------------- None Achievements -------------- None Challenges ------------ None Game ------ Seed CompanionLightningWartreads Manual? 0 Play Time 00:10:00 Cumulative 79.7 hours Start 2026.07.03 @ 01:15:25 End 2026.07.03 @ 01:25:23 Sessions 1 Manual Loads 0 Difficulty Rogue Special Mode None Game No. 134 Rogue 134 Adventurer 0 Explorer 0 Win Type - Total 0 Types 0/0/0/0/0/0/0/0/0/0 Lore% 21 Gallery% 31 Achievement% 27 Wizard Run 0 Options --------- Layout 0 ASCII 0 Keyboard 0 Movement Mouse Keybinds 0 Fullscreen 1 Font 24/Smallcaps Map View 38x25 Zoom Use 98% Tactical HUD 1 Map Filters NONE Filters NONE Steam 1 RUN: 0c2563fc-31c5-4bbf-97ee-ff4af4670f31